 Dungeon Crawl Stone Soup version 0.32-a0-814-g0968bab981 (webtiles) character file.

Game seed: 12148184331185445020

352 hikkokomori the Magician (level 6, -10/61 HPs)
             Began as an Oni Alchemist on Mar 23, 2024.
             Killed by an exploding water moccasin (29 damage)
             ... ignited by their inner flame
             ... on level 4 of the Dungeon.
             The game lasted 00:07:28 (3377 turns).

hikkokomori the Magician (Oni Alchemist)            Turns: 3377, Time: 00:07:29

Health: -10/61     AC:  6    Str: 13    XL:     6   Next: 62%
Magic:  12/12      EV:  8    Int: 18    God:
Gold:   255        SH:  0    Dex:  9    Spells: 9/13 levels left

rFire   . . .        u - +1 dagger (venom)
rCold   + . .        e - orb {light}
rNeg    . . .        a - +0 robe
rPois   .            (helmet restricted)
rElec   .            x - +2 cloak
rCorr   .            (gloves unavailable)
SInv    .            (boots unavailable)
Will    .....        (no amulet)
Stlth   +            i - ring of protection from cold
HPRegen 0.30/turn    (no ring)
MPRegen 0.13/turn

%: no passive effects
@: glowing
A: large, unfitting armour, horns 1, tough skin 1, double potion healing,
drunken brawling
a: no special abilities


You were on level 4 of the Dungeon.
You visited 1 branch of the dungeon, and saw 4 of its levels.

You collected 255 gold pieces.

Inventory:

Hand Weapons
 f - a +0 short sword
 j - a +0 dagger of speed
 u - a +1 dagger of venom (weapon)
 y - a +0 morningstar
Armour
 a - a +0 robe (worn)
 d - a +0 helmet
 e - an orb of light (worn)
 k - a +0 cloak
 x - a +2 cloak (worn)
Magical Staves
 m - a staff of conjuration
Jewellery
 i - a ring of protection from cold (left hand)
 C - a ring of protection from cold
Wands
 D - a wand of roots (3)
Scrolls
 c - a scroll of brand weapon {unknown}
 l - a scroll of amnesia {unknown}
 n - 5 scrolls of blinking {unknown}
 p - 2 scrolls of identify {unknown}
 q - a scroll of enchant weapon {unknown}
 r - a scroll of poison {unknown}
 s - 3 scrolls of immolation
 v - 2 scrolls of teleportation {unknown}
 w - a scroll of enchant armour {unknown}
 A - a scroll of silence {unknown}
Potions
 b - a potion of magic
 g - a potion of brilliance
 h - a potion of degeneration {unknown}
 o - 2 potions of mutation {unknown}
 t - 2 potions of might {unknown}
 z - a potion of curing
 B - a potion of lignification {unknown}


   Skills:
 + Level 3.6 Fighting
 - Level 1.7 Dodging
 - Level 1.4 Stealth
 + Level 4.0 Spellcasting
 + Level 2.6 Conjurations
 + Level 2.0 Air Magic
 + Level 3.8 Alchemy


You had 9 spell levels left.
You knew the following spells:

 Your Spells              Type           Power      Damage    Failure   Level
a - Sting                 Conj/Alch      60%        1d6       3%          1
b - Mephitic Cloud        Conj/Alch/Air  13%        N/A       14%         3

Your spell library contained the following spells:

 Spells                   Type           Power      Damage    Failure   Level
 Mercury Vapours          Alch/Air       28%        N/A       7%          2
 Olgreb's Toxic Radiance  Alch           17%        N/A       30%         4
 Sticky Flame             Fire/Alch      10%        2d5       54%         4


Dungeon Overview and Level Annotations

Branches:
Dungeon (4/15)
 Temple: D:4-7

Altars:
Uskayaw
Xom


Innate Abilities, Weirdness & Mutations

You are too large for most types of armour.
You have a pair of small horns on your head.
You have tough skin. (AC +1)
You gain doubled healing and magic from potions.
Whenever you drink a healing potion, you attack all around you.


Message History

You hear an angry hiss.
You are too injured to fight recklessly!
There are monsters nearby!
You hit the water moccasin.
The water moccasin is moderately wounded.
You feel sick. The water moccasin barely misses you.
The water moccasin bites you.
You hit the water moccasin.
The water moccasin is moderately wounded.
You feel sick.
The water moccasin bites you but does no damage.
You hit the water moccasin.
The water moccasin looks even sicker.
You headbutt the water moccasin.
The water moccasin is heavily wounded.
You feel sick. The water moccasin bites you. x2
You hit the water moccasin.
The water moccasin is heavily wounded.
You feel sick.
You are no longer poisoned.
The water moccasin closely misses you.
You hit the water moccasin.
The water moccasin is severely wounded.
An adder comes into view.
The water moccasin bites you. The howler monkey hits you.
The water moccasin bites you but does no damage.
The howler monkey hits you.
* * * LOW HITPOINT WARNING * * *
An adder comes into view.
The adder hisses angrily. x2
The howler monkey barely misses you.
As you read the scroll labelled ILAFYW NAY, it crumbles to dust.
The creatures around you are filled with an inner flame!
It was a scroll of immolation.
Flame seeps out of the water moccasin.
The water moccasin is engulfed in blazing flames.
The water moccasin explodes!
The fiery explosion engulfs the howler monkey!!
The fiery explosion engulfs the ball python!!
The fiery explosion engulfs you!!
You die...

##. #...# # ...
#...##### #S# #...##.##
####.########..†#...#
###..... ........†.....
...##g#..........)....
#.##§#...............
#..§○§..#####...#...#
#)##@##.# #...##.##
#######.......#
#...####
......S.##.########...#
........##.#..........#
........##.#.##########
.......)...#.#########
.....................#
.........###.#.>####.#
##
.......[.###.#..####.#
#.


You could see 2 adders and a goblin (inner flame).

Vanquished Creatures
  2 water moccasins
  A howler monkey (D:4)
  A hound (D:4)
  An orc priest (D:3)
  An iguana (D:4)
  Natasha (D:3)
  4 adders
  A ribbon worm (D:4)
  2 dart slugs
  7 orcs (D:3)
  7 ball pythons
  4 endoplasms (D:1)
  5 giant cockroaches
  5 goblins
  8 hobgoblins
  10 jackals
  9 kobolds
  2 quokkas
  A bat (D:1)
  4 frilled lizards
  6 rats
82 creatures vanquished.

Notes
Turn   | Place    | Note
-------+----------+-------------------------------------------
     0 | D:1      | hikkokomori the Oni Alchemist began the quest for the Orb.
     0 | D:1      | Reached XP level 1. HP: 16/16 MP: 3/3
   159 | D:1      | Reached skill level 1 in Conjurations
   175 | D:1      | Reached XP level 2. HP: 13/26 MP: 0/5
   245 | D:1      | Reached skill level 1 in Fighting
   432 | D:1      | Reached XP level 3. HP: 17/33 MP: 4/7
   641 | D:1      | Reached skill level 3 in Spellcasting
   690 | D:1      | Learned a level 3 spell: Mephitic Cloud
   727 | D:1      | Found a faded altar of an unknown god.
  1264 | D:2      | Reached XP level 4. HP: 42/42 MP: 5/8
  1848 | D:3      | Found a shimmering altar of Xom.
  2263 | D:3      | Reached skill level 1 in Air Magic
  2263 | D:3      | Reached XP level 5. HP: 44/50 MP: 1/10
  2498 | D:3      | Noticed a +0 falchion
  2499 | D:3      | Noticed a +0 spear
  2499 | D:3      | Noticed a +0 dagger
  2500 | D:3      | Noticed a +0 short sword
  2500 | D:3      | Noticed a +0 short sword
  2501 | D:3      | Noticed a +0 falchion
  2501 | D:3      | Noticed a +0 spear
  2502 | D:3      | Noticed a +0 dagger
  2515 | D:3      | Found a hide-covered altar of Uskayaw.
  2585 | D:3      | Noticed a water moccasin
  2606 | D:3      | Killed a water moccasin
  2607 | D:3      | Reached XP level 6. HP: 40/61 MP: 6/11
  2680 | D:3      | Noticed Natasha
  2685 | D:3      | Killed Natasha
  3079 | D:4      | Reached skill level 4 in Spellcasting
  3361 | D:4      | Noticed a water moccasin
  3377 | D:4      | Killed a water moccasin
  3377 | D:4      | Killed by an exploding water moccasin... ignited by their
                  | inner flame

Illustrated notes

Levels and vault maps discovered:
D:1:      matt_arrival_refuge, layout_basic,
          hellmonk_ecumenical_altar_dog_temple, minmay_tromino_v7
D:2:      layout_rooms, palyth_stone_intersect, hangedman_decor_peaks_small
D:3:      layout_basic, lemuel_doored_altar, nicolae_uskayaw_en_pointe,
          minivault_5, kennysheep_another_room, uniq_natasha
D:4:      layout_loops_cross

Skill      XL: |  1  2  3  4  5  6 |
---------------+-------------------+-----
Conjurations   | 1 2 |  2.6
Fighting       | 1 2 3 |  3.6
Alchemy        | 3 |  3.8
Spellcasting   | 3 4 |  4.0
Air Magic      | 1 2 |  2.0
Dodging        | |  1.7
Stealth        | |  1.4

Action                     |  1- 3 |  4- 6 || total
---------------------------+-------+-------++-------
  Melee: Short sword       |    64 |       ||    64
         Unarmed           |     9 |       ||     9
         Headbutt          |    29 |    28 ||    57
         Dagger            |    53 |    86 ||   139
         Staff             |    24 |       ||    24
   Cast: Sting             |    17 |    55 ||    72
         Mephitic Cloud    |     1 |       ||     1
    Use: Potion            |       |     2 ||     2
         Scroll            |       |     1 ||     1
 Armour: Robe              |   141 |    81 ||   222
  Dodge: Dodged            |    82 |    52 ||   134

Table legend: (Time is in decaauts)
 A = Elapsed time spent in this place.
 B = Non-inter-level travel time spent in this place.
 C = Inter-level travel time spent in this place.
 D = Time resting spent in this place.
 E = Time spent auto-exploring this place.
 F = Levels seen in this place.
 G = Mean time per level.
                   A        B        C        D        E       F      G
               +--------+--------+--------+--------+--------+-----+--------+
         Total |   3367 |   3276 |     91 |     43 |   2635 |   4 |  841.8 |
       Dungeon |   3367 |   3276 |     91 |     43 |   2635 |   4 |  841.8 |
               +--------+--------+--------+--------+--------+-----+--------+

Top non-repeatable levels by time:
     D:3: 1239 daAuts
     D:1: 1020 daAuts
     D:2: 735 daAuts
     D:4: 371 daAuts
